 Dungeon Crawl Stone Soup version 0.19.5 (console) character file.

41 Grinner the Ducker (level 3, -4/19 HPs)
             Began as a Spriggan Fighter on Mar 2, 2017.
             Slain by a gnoll
             ... wielding a +0 spear
              (7 damage)
             ... on level 2 of the Dungeon.
             The game lasted 00:01:33 (1042 turns).

Grinner the Ducker (Spriggan Fighter)               Turns: 1042, Time: 00:01:34

Health: -4/19      AC:  2    Str: 13    XL:     3   Next: 32%
Magic:  4/4        EV: 19    Int:  9    God:
Gold:   43         SH:  6    Dex: 15    Spells: 0 memorised, 2 levels left

rFire  . . .     SeeInvis +     a - +0 rapier
rCold  . . .     Gourm    .     b - +0 robe
rNeg   . . .     Faith    .     c - +0 buckler
rPois  .         Spirit   .     (helmet restricted)
rElec  .         Reflect  .     (no cloak)
rCorr  .         Harm     .     (gloves unavailable)
MR     .....                    (boots unavailable)
Stlth  ++........               (no amulet)
                                (no ring)
                                (no ring)

@: very quick
A: unfitting armour, see invisible, herbivore 3, speed 3, slow metabolism 2
a: no special abilities


You were on level 2 of the Dungeon.
You were not hungry.

You visited 1 branch of the dungeon, and saw 2 of its levels.

You collected 43 gold pieces.

Inventory:

Hand Weapons
 a - a +0 rapier (weapon)
Armour
 b - a +0 robe (worn)
 c - a +0 buckler (worn)
Scrolls
 e - 2 scrolls of remove curse {unknown}
 g - a scroll of amnesia {unknown}
 h - a scroll of immolation {unknown}
 i - 2 scrolls of fear {unknown}
 m - 4 scrolls of teleportation {unknown}
 n - a scroll of recharging {unknown}
 o - a scroll of enchant armour {unknown}
Potions
 d - a potion of might
 j - a potion of heal wounds {unknown}
 l - a potion of magic {unknown}
Comestibles
 f - 3 bread rations
 k - 2 fruits


   Skills:
 - Level 2.4 Fighting
 + Level 2.8 Short Blades
 - Level 4.4 Dodging
 + Level 2.2 Stealth
 * Level 2.7 Shields


You had 2 spell levels left.
You didn't know any spells.

Dungeon Overview and Level Annotations

Branches:
Dungeon (2/15)

Altars:


Innate Abilities, Weirdness & Mutations

You are very small and have problems with some larger weapons.
You are too small for most types of armour.
You have supernaturally acute eyesight. (SInv)
You are a herbivore.
You cover ground extremely quickly.
You need consume almost no food.


Message History

The gnoll is almost dead.
The gnoll misses you. x2
You barely miss the gnoll.
The gnoll is almost dead.
You block the gnoll's attack. The gnoll misses you.
The gnoll completely misses you.
You barely miss the gnoll.
The gnoll is almost dead.
The gnoll misses you. The gnoll closely misses you.
The gnoll completely misses you.
You hit the gnoll.
The gnoll is almost dead.
The gnoll hits you from afar with a spear of piercing.
The gnoll hits you with a spear.
The gnoll hits you from afar with a halberd!
Ouch! That really hurt!
* * * LOW HITPOINT WARNING * * *
The gnoll closely misses you.
The gnoll hits you from afar with a spear!
You die...

#.. .. .... ### ### #####
#.#..... .... g. ....
....###.#.##.####.######.#...#.
...........#.#.........)g......
###.###.#..#.#.##.##..#g...#.#
#.###.#....#.##g##...........
#..........#.##.##...........
#..##.#..#.#.##†##.#..##.#...
#..#......)>..@.gg.#.........
#..#..#..#.#.##.#..#.#####...
#..#..#..#.#.##.#..... ...
#..#..#..#.#.##.##.#.## ..
#........#.............
##+##.................##
#.#................
#........[..........


You could see 3 gnolls.

Vanquished Creatures
  An adder (D:2)
  2 gnolls
  2 bats (D:1)
  A goblin (D:1)
  2 hobgoblins
  2 kobolds
  A ball python (D:2)
  A frilled lizard (D:1)
  2 rats (D:1)
14 creatures vanquished.

Notes
Turn   | Place    | Note
-------+----------+-------------------------------------------
     0 | D:1      | Grinner the Spriggan Fighter began the quest for the Orb.
     0 | D:1      | Reached XP level 1. HP: 11/11 MP: 2/2
   262 | D:1      | Reached skill level 1 in Stealth
   473 | D:1      | Reached XP level 2. HP: 16/16 MP: 3/3
  1023 | D:2      | Reached XP level 3. HP: 17/19 MP: 4/4
  1042 | D:2      | Slain by a gnoll

Skill      XL: |  1  2 |
---------------+-------+-----
Stealth        | 1 2 |  2.2
Fighting       | |  2.4
Short Blades   | |  2.8
Dodging        | |  4.4
Shields        | |  2.7

Action                   || total
-------------------------++-------
Melee: Rapier            ||    41
Armor: Robe              ||     2
Dodge: Dodged            ||    31
Block: Buckler           ||    16
